 Dungeon Crawl Stone Soup version 0.30-a0-159-g068b764562 (webtiles) character file.

Game seed: 6310389555631908402

263732 LnG the Unseen (level 20, -2/171 HPs)
             Began as a Kobold Summoner on Sept 26, 2022.
             Was a Follower of Yredelemnul.
             Slain by a vampire knight
             ... wielding a +3 long sword
              (9 damage)
             ... on level 2 of the Depths on Sept 27, 2022.
             The game lasted 04:43:18 (46393 turns).

LnG the Unseen (Kobold Summoner)                   Turns: 46393, Time: 04:43:21

Health: -2/171     AC: 37    Str:  2    XL:     20   Next: 84%
Magic:  41/62      EV:  3    Int: 29    God:    Yredelemnul [*.....]
Gold:   1202       SH:  5    Dex: 23    Spells: 23/59 levels left

rFire   . . .      SeeInvis .    e - +11 short sword of Ryvvom {protect, rPois rN+ Dex+3}
rCold   . . .      Faith    .    (no shield)
rNeg    + . .      Spirit   .    (body armour currently unavailable)
rPois   +          Reflect  +    (helmet currently unavailable)
rElec   +          Harm     .    (cloak currently unavailable)
rCorr   .          Rampage  .    (gloves currently unavailable)
Will    +....      NoTele   +    (boots currently unavailable)
Stlth   +++++++++.               M - amulet of reflection
HPRegen 0.38/turn                q - ring of Jeuj {rPois MP+9 Str-5 Int+6}
MPRegen 0.38/turn                d - ring "Kawat" {rElec MP+9 Dex+4}

@: tree-form, under a protective aura
A: stationary, stasis, torment immunity, boosted hp, small, no large weapons,
nightstalker 3
}: 2/15 runes: decaying, serpentine
a: Renounce Religion, Recall Undead Harvest


You were on level 2 of the Depths.
You worshipped Yredelemnul.
Yredelemnul was noncommittal.
You were a tree.
You visited 7 branches of the dungeon, and saw 33 of its levels.

You collected 3879 gold pieces.
You spent 2677 gold pieces at shops.

Inventory:

Hand Weapons
 e - the +11 short sword of Ryvvom (weapon) {protect, rPois rN+ Dex+3}
   (You found it on level 3 of the Lair of Beasts)

   It grants its wielder temporary protection when it strikes (+7 to AC).
   Dex:       It affects your dexterity (+3).
   rPois:     It protects you from poison.
   rN:        It protects you from negative energy.
 t - a +4 dagger of protection
Armour
 a - a +2 pair of boots of flying (melded)
 b - the +6 faerie dragon scales {rCorr Int+9 Dex-3 SInv Stlth+}
   (You took it off the Enchantress on level 2 of the Depths)

   Int:       It affects your intelligence (+9).
   Dex:       It affects your dexterity (-3).
   SInv:      It lets you see invisible.
   rCorr:     It protects you from acid and corrosion.
   Stlth:     It makes you more stealthy.
 v - a +1 robe of resistance (melded)
 A - a +0 robe of the Archmagi
 H - the +0 robe of Tenacity {Regen+}
   (You found it on level 6 of the Dungeon)

   Regen:     It increases your rate of health regeneration.
 I - a +2 cloak of willpower (melded)
 V - a +1 pair of gloves of strength (melded)
 W - a +0 helmet (melded)
Jewellery
 d - the ring "Kawat" (right branch) {rElec MP+9 Dex+4}
   (You found it on level 11 of the Dungeon)

   [ring of magical power]

   Dex:       It affects your dexterity (+4).
   rElec:     It insulates you from electricity.
   MP:        It affects your magic capacity (+9).
 i - a ring of positive energy
 q - the ring of Jeuj (left branch) {rPois MP+9 Str-5 Int+6}
   (You bought it in a shop on level 8 of the Dungeon)

   [ring of intelligence]

   Str:       It affects your strength (-5).
   Int:       It affects your intelligence (+6).
   rPois:     It protects you from poison.
   MP:        It affects your magic capacity (+9).
 w - a +4 ring of protection
 y - an amulet of regeneration
 z - a +6 ring of dexterity
 F - a +6 ring of strength
 G - a +6 ring of intelligence
 J - a ring of willpower
 M - an amulet of reflection (around neck)
 X - a ring of magical power
Wands
 L - a wand of iceblast (35)
 R - a wand of digging (10)
 U - a wand of mindburst (8)
 Y - a wand of flame (16)
Scrolls
 c - 2 scrolls of brand weapon
 k - 10 scrolls of amnesia
 m - 7 scrolls of butterflies
 p - 5 scrolls of poison
 r - 4 scrolls of immolation
 s - 5 scrolls of vulnerability
 x - 9 scrolls of teleportation
 C - a scroll of enchant weapon
 D - a scroll of fear
 P - 3 scrolls of torment
 Q - 2 scrolls of magic mapping
 T - a scroll of silence
Potions
 f - 3 potions of cancellation
 g - 6 potions of mutation
 h - 5 potions of invisibility
 j - 4 potions of brilliance
 l - 2 potions of curing
 n - a potion of resistance
 o - a potion of ambrosia
 u - 6 potions of haste
 B - 7 potions of lignification
 E - 6 potions of might
 S - 2 potions of berserk rage
 Z - 3 potions of magic
Miscellaneous
 K - a box of beasts


   Skills:
 + Level 8.6 Fighting
 + Level 11.5 Short Blades
 + Level 11.3 Dodging
 + Level 20.7 Stealth
 + Level 4.0 Shields
 + Level 0.3 Unarmed Combat
 + Level 20.0 Spellcasting
 + Level 4.7 Hexes
 + Level 18.3 Summonings
 + Level 4.5 Ice Magic
 + Level 6.3 Air Magic
 + Level 7.2 Invocations


You had 23 spell levels left.
You knew the following spells:

 Your Spells              Type           Power      Damage    Failure   Level
a - Monstrous Menagerie   Summ           47%        N/A       1%          7
b - Call Imp              Summ           94%        N/A       0%          2
c - Call Canine Familiar  Summ           94%        N/A       0%          3
d - Summon Guardian Gole  Hex/Summ       77%        N/A       1%          3
e - Summon Lightning Spi  Summ/Air       79%        N/A       1%          4
f - Summon Ice Beast      Ice/Summ       77%        N/A       1%          4
g - Summon Hydra          Summ           47%        N/A       1%          7
h - Summon Cactus Giant   Summ           47%        N/A       1%          6

Your spell library contained the following spells:

 Spells                   Type           Power      Damage    Failure   Level
 Summon Small Mammal      Summ           100%       N/A       0%          1
 Apportation              Tloc           58%        N/A       1%          1
 Foxfire                  Conj/Fire      100%       2x1d9     1%          1
 Freeze                   Ice            100%       1d11      1%          1
 Magic Dart               Conj           100%       1d8       1%          1
 Sandblast                Erth           58%        2d13      1%          1
 Slow                     Hex            100%       N/A       1%          1
 Sting                    Tmut/Pois      100%       1d8       1%          1
 Blink                    Tloc           58%        N/A       1%          2
 Cigotuvi's Dreadful Rot  Necr/Pois/Air  82%        N/A       1%          2
 Ensorcelled Hibernation  Hex/Ice        100%       N/A       1%          2
 Passwall                 Tmut/Erth      24%        N/A       1%          2
 Poisonous Vapours        Pois/Air       94%        N/A       1%          2
 Searing Ray              Conj           58%        2d6       1%          2
 Sublimation of Blood     Necr           29%        N/A       1%          2
 Wereblood                Tmut           29%        N/A       1%          2
 Confusing Touch          Hex            54%        N/A       1%          3
 Frozen Ramparts          Ice            100%       1d16      1%          3
 Hailstorm                Conj/Ice       42%        3d10      1%          3
 Inner Flame              Hex/Fire       42%        N/A       1%          3
 Kindle Blastsparks       Fire/Tloc/Air  82%        2d16      1%          3
 Tukima's Dance           Hex            54%        N/A       1%          3
 Summon Forest            Summ/Tloc      35%        N/A       1%          5
 Gell's Gravitas          Tloc           29%        N/A       4%          3
 Spider Form              Tmut/Pois      29%        N/A       4%          3
 Stone Arrow              Conj/Erth      58%        3d10      4%          3
 Teleport Other           Tloc           29%        N/A       4%          3
 Vampiric Draining        Necr           29%        2d8       4%          3
 Anguish                  Hex/Necr       21%        N/A       4%          4
 Fulminant Prism          Conj/Hex       21%        3d13      4%          4
 Ice Form                 Ice/Tmut       42%        N/A       5%          4
 Freezing Cloud           Conj/Ice/Air   24%        6-21      9%          5
 Flame Wave               Conj/Fire      29%        2d9       13%         4
 Manifold Assault         Tloc           29%        N/A       13%         4
 Olgreb's Toxic Radiance  Pois           29%        N/A       13%         4
 Passage of Golubria      Tloc           29%        N/A       13%         4
 Petrify                  Tmut/Erth      29%        N/A       13%         4
 Yara's Violent Unravell  Hex/Tmut       21%        3d10      14%         5
 Haunt                    Necr/Summ      35%        N/A       26%         7
 Malign Gateway           Summ/Tloc      35%        N/A       26%         7
 Alistair's Intoxication  Tmut/Pois      19%        N/A       36%         5
 Fireball                 Conj/Fire      14%        3d8       36%         5
 Irradiate                Conj/Tmut      14%        3d16      36%         5
 Iskenderun's Battlesphe  Conj           29%        2d8       36%         5
 Conjure Ball Lightning   Conj/Air       23%        3x3d6     50%         6
 Dragon's Call            Summ           47%        N/A       58%         9
 Ozocubu's Refrigeration  Ice            26%        4d13      87%         7
 Dispersal                Tloc           14%        N/A       90%         6
 Starburst                Conj/Fire      14%        6d6       90%         6
 Storm Form               Tmut/Air       23%        N/A       97%         7
 Orb of Destruction       Conj           14%        9d7       100%        7
 Ignition                 Fire           14%        3d6       100%        8
 Infestation              Necr           14%        N/A       100%        8
 Maxwell's Capacitive Co  Air            30%        ∞         100%        8
 Fire Storm               Conj/Fire      14%        8d4       100%        9
 Polar Vortex             Ice            26%        N/A       100%        9
 Animate Dead             Necr           Unusable   N/A       N/A         4
 Simulacrum               Ice/Necr       Unusable   N/A       N/A         6

Dungeon Overview and Level Annotations

Branches:
Dungeon (15/15)            Temple (1/1) D:5            Lair (5/5) D:10
  Swamp (4/4) Lair:2        Snake (4/4) Lair:3        Slime (0/5) Lair:5
    Orc (2/2) D:12            Elf (0/3) Orc:2        Vaults (0/5) D:14
 Depths (2/4) D:15

Altars:
Ashenzari
Cheibriados
Dithmenos
Elyvilon
Fedhas
Gozag
Hepliaklqana
Kikubaaqudgha
Makhleb
Nemelex Xobeh
Okawaru
Qazlal
Ru
Sif Muna
Trog
Uskayaw
Vehumet
Wu Jian
Xom
Yredelemnul
Zin
The Shining One
Jiyva

Shops:
D:2 [([:[   D:8 =   Orc:2 ([(*   Snake:1 :   Depths:1 =!

Portals:
Hell: Depths:1
Abyss: Depths:2
Pandemonium: Depths:2

Annotations:
D:3 3 runed translucent doors, Grinder; ReploidZero's ghost, novice HOWn
Lair:4 exclusion: oklob plant
Lair:5 2 transporters, exclusion: obsidian statue, scionoferis's ghost, journeyman MeGl
Depths:1 4 runed translucent doors, petzl's ghost, veteran FoHs


Innate Abilities, Weirdness & Mutations

You are a tree.
Your roots penetrate the ground, keeping you stationary.
You cannot be teleported.
You are immune to unholy pain and torment.
Your maximum health is greatly increased.
Your equipment is partially melded.
You are small and have problems with some larger weapons.
You are completely attuned to the shadows.


Message History

Your frost giant zombie is no longer paralysed.
Your warg bites something but does no damage.
Something hits you but does no damage. Something bites you but does no damage.
You miss something. Something draws life force from you.
* * * LOW HITPOINT WARNING * * *
You hit something but do no damage.
Your warg bites something but does no damage.
You puncture something! Something hits you.
* * * LOW HITPOINT WARNING * * *
Something bites you.
* * * LOW HITPOINT WARNING * * *
Something draws strength from your injuries!
Your warg bites something but does no damage.
You hit something but do no damage.
Your eight-headed hydra disappears in a puff of smoke!
Something hits you!
* * * LOW HITPOINT WARNING * * *
Something bites you but does no damage.
You feel better.
Your warg barely misses something.
Something hits you!
* * * LOW HITPOINT WARNING * * *
Something completely misses you.
Your warg completely misses something.
Okay, then.
You feel better. Something hits you.
* * * LOW HITPOINT WARNING * * *
Something bites you but does no damage.
Your warg bites something but does no damage.
Something hits you.
* * * LOW HITPOINT WARNING * * *
Something bites you but does no damage.
You feel better. Something hits you!
* * * LOW HITPOINT WARNING * * *
Something bites you but does no damage.
Your warg bites something but does no damage.
You feel better. Something hits you.
* * * LOW HITPOINT WARNING * * *
Something bites you but does no damage.
Your warg bites something but does no damage.
Something hits you!
You die...
Your body rises from the dead as a mindless zombie.

##~~~~~?[~~~## ##~~8~~~~~~8~~##
#~~~Z~Z~~~~~~~~#
#######''###################
##..................##...C...[.
#..~~~~~~~..~~~~~~~..##........
..~≈..............~~.(##.......
.~~.............8..~~..##......
~~........##...k♣{..~~.()....V.
.........####...Zh......##.[...
~.......## ##.......~~..##.C.#
...#....## ##....#...~~..##..
..###....####.)..###...≈~..#
.## ##....##....## ##...≈~..
..###............##
...#(....~~~~.....#
Z..................


You could see a friendly lindwurm (summoned), a friendly warg (summoned), a
friendly lightning spire (summoned) and a friendly frost giant zombie.

Vanquished Creatures
  A lich (Depths:1)
  Asterion (Snake:2)
  2 frost giants
  4 nagarajas (Snake:4)
  Louise (Swamp:3)
  A ghoul (Swamp:3)
  7 stone giants
  3 eleionomae
  3 dire elephants (Lair:5)
  A bunyip (Swamp:2)
  Josephine (Snake:1)
  A shambling mangrove (Swamp:4)
  A fire dragon (Depths:1)
  2 spriggan air magi (Depths:1)
  8 hydras
  3 anacondas
  A ghost crab (Swamp:1)
  3 two-headed ogres
  5 boulder beetles
  2 alligators
  2 deep troll earth magi (Depths:2)
  5 naga warriors
  Urug (D:12)
  3 tengu warriors
  2 naga sharpshooters (Snake:2)
  2 orc high priests (Orc:2)
  6 shock serpents
  2 iron trolls (Depths:1)
  A salamander mystic (Snake:4)
  A spectral anaconda (Lair:5)
  A goliath frog (Swamp:1)
  2 spectral hydras (Swamp:4)
  A spriggan rider (Swamp:2)
  2 deep trolls (Depths:2)
  2 bog bodies (Swamp:3)
  A spriggan druid (Swamp:4)
  2 swamp dragons (Swamp:4)
  A harpy (shapeshifter) (D:11)
  A naga ritualist (Snake:3)
  3 necromancers
  A flayed ghost (Swamp:4)
  A deep elf pyromancer (D:15)
  3 mana vipers
  2 manticores
  4 will-o-the-wisps
  3 orc sorcerers
  3 cyclopes (D:13)
  6 ugly things
  21 black mambas
  A salamander (Snake:3)
  16 elephants
  A guardian serpent (Snake:3)
  8 naga magi
  6 cane toads
  A dire elephant skeleton (Lair:5)
  4 komodo dragons
  A freezing wraith (D:15)
  2 rime drakes
  An efreet (D:14)
  2 tengu conjurers
  2 trolls
  A hydra zombie (Swamp:4)
  3 polar bears
  4 tyrant leeches
  A hornet (Depths:2)
  5 blink frogs
  2 slime creatures (D:13)
  2 spectral elephants (Lair:5)
  A wraith (D:12)
  A shadow (D:12)
  4 water elementals
  4 wyverns
  A vampire (D:12)
  8 yaks
  6 humans
  A hog (Swamp:1)
  2 basilisks
  2 steam dragons
  Grum (Lair:1)
  2 fire bats (Lair:4)
  A death yak simulacrum (Lair:5)
  A warg (Orc:1)
  5 vampire mosquitoes
  20 nagas
  9 swamp worms
  5 water moccasins
  A floating eye (Depths:2)
  Duvessa (D:7)
  2 swamp drakes
  2 sky beasts
  3 black bears
  11 orc warriors
  3 centaurs
  2 ogres (Orc:1)
  8 wolves
  A phantom (D:6)
  Blork the orc (D:6)
  2 kobold brigands (D:10)
  13 bullfrogs
  A scorpion (D:5)
  5 necrophages
  3 wights (D:7)
  An elephant simulacrum (Lair:5)
  3 killer bees (D:9)
  2 electric eels (D:15)
  A howler monkey (D:12)
  A quasit (D:4)
  A lava snake (Lair:4)
  A gnoll bouda (D:6)
  3 hounds
  A jelly (D:6)
  7 orc priests
  An iguana (D:6)
  8 orc wizards
  A hell rat (Lair:1)
  An ogre zombie (D:12)
  4 gnolls
  3 adders
  3 shadow imps
  2 white imps (D:12)
  7 ufetubi
  A worm (D:3)
  4 dart slugs
  23 orcs
  5 endoplasms
  4 giant cockroaches
  8 goblins
  7 hobgoblins
  2 jackals (D:3)
  A quokka (D:1)
  8 ball pythons
  6 bats
  2 frilled lizards
  A goblin zombie (D:12)
  A hobgoblin zombie (D:12)
  10 kobolds
  2 orc zombies (D:12)
  7 rats
475 creatures vanquished.

Vanquished Creatures (collateral kills)
  the Enchantress (Depths:2)
  A tentacled monstrosity (Swamp:1)
  A lich (Depths:2)
  A quicksilver dragon (Depths:2)
  Kirke (Swamp:1)
  A thorn hunter (Swamp:4)
  2 nagarajas (Snake:4)
  A fire giant (Depths:2)
  2 ghouls (Swamp:3)
  6 frost giants
  Aizul (Snake:1)
  2 spriggan defenders (Depths:2)
  7 stone giants
  2 vampire knights (Swamp:4)
  2 bunyips
  3 eleionomae
  2 deep elf annihilators (Depths:1)
  2 fire dragons
  3 shambling mangroves
  4 ettins
  A green death (Depths:2)
  3 salamander tyrants (Snake:4)
  2 ice dragons (Depths:2)
  Fannar (D:10)
  4 rakshasas
  8 hydras
  Erolcha (D:12)
  3 spriggan air magi (Depths:2)
  2 vault guards (D:13)
  4 centaur warriors
  A death knight (D:14)
  2 anacondas
  A two-headed ogre (D:14)
  Erica (D:8)
  9 alligators
  A shock serpent (Snake:1)
  The ghost of Splishie the Slicer, a novice GnWn of Ashenzari (Orc:1)
  4 deep troll earth magi
  A deep troll shaman (Depths:2)
  A death yak (Lair:5)
  6 naga sharpshooters (Snake:4)
  13 naga warriors
  A spriggan berserker (Depths:2)
  2 orc high priests (Orc:2)
  Nergalle (Lair:2)
  5 hell knights (Depths:2)
  A spectral death yak (Lair:5)
  4 iron trolls (Depths:1)
  A fire crab (Lair:4)
  3 salamander mystics
  A goliath frog (Swamp:2)
  2 flayed ghosts
  7 naga ritualists
  A swamp dragon (Swamp:3)
  2 bog bodies (Swamp:1)
  5 spriggan druids
  9 deep trolls
  5 orc knights
  4 necromancers
  A wizard (Depths:1)
  2 orc sorcerers
  A spectral hydra (Swamp:4)
  2 deep elf zephyrmancers (Depths:1)
  A deep elf pyromancer (D:14)
  11 ugly things
  3 phantasmal warriors (Swamp:4)
  A will-o-the-wisp (Swamp:3)
  7 mana vipers
  3 oklob plants (Swamp:4)
  4 cyclopes
  12 salamanders
  2 manticores
  2 guardian serpents (Snake:3)
  13 elephants
  2 dire elephant zombies (Lair:5)
  19 black mambas
  A gargoyle (D:12)
  12 naga magi
  A kobold demonologist (D:10)
  A rime drake (Lair:2)
  A komodo dragon (Lair:4)
  2 ice devils (Depths:2)
  2 tengu conjurers
  A hydra zombie (Swamp:4)
  A bloated husk (Swamp:2)
  A polar bear (Lair:4)
  2 trolls
  A death drake zombie (Swamp:4)
  5 tyrant leeches
  9 hornets
  A hornet (shapeshifter) (D:14)
  A spectral elephant (Lair:5)
  3 hydra skeletons (Swamp:4)
  24 blink frogs
  6 slime creatures
  A jumping spider (shapeshifter) (D:15)
  4 shadows
  A wyvern (D:9)
  7 spriggans
  A water elemental (Depths:2)
  14 humans (D:14)
  3 hogs (Swamp:1)
  3 wraiths (Snake:1)
  22 yaks
  A hog (shapeshifter) (Depths:2)
  12 vampire mosquitoes
  4 basilisks
  Menkaure (D:7)
  45 nagas
  3 swamp worms
  A chaos spawn (Depths:2)
  An acid dragon (D:9)
  3 hydra simulacra (Swamp:4)
  4 water moccasins
  5 swamp drakes (Swamp:4)
  A black bear (D:5)
  16 orc warriors
  An elephant zombie (Lair:5)
  3 ogres
  8 wolves
  5 centaurs
  A swamp dragon skeleton (Swamp:4)
  A kobold brigand (D:8)
  2 bullfrogs
  A gnoll sergeant (D:7)
  A necrophage (Swamp:3)
  3 cane toad simulacra (Lair:5)
  2 scorpions
  A wight (D:7)
  Dowan (D:7)
  A killer bee (D:9)
  An elephant simulacrum (Lair:5)
  5 nameless horrors
  2 howler monkeys (D:12)
  A wolf zombie (Lair:5)
  2 electric eels (Lair:4)
  3 jellies (D:11)
  10 orc priests
  Crazy Yiuf (D:7)
  An iguana (D:6)
  8 orc wizards
  6 hell rats (Lair:1)
  5 ogre zombies (D:12)
  8 gnolls
  2 adders (D:6)
  10 white imps (D:12)
  An ufetubus (D:5)
  30 orcs
  A giant cockroach (D:4)
  A goblin (D:1)
  3 hobgoblins
  3 jackals (D:1)
  3 ball pythons
  A frilled lizard (D:1)
  2 goblin skeletons (D:12)
  A goblin zombie (D:12)
  2 hobgoblin zombies (D:12)
  9 kobolds
  2 orc skeletons (D:12)
  8 orc zombies
  2 rats
  A butterfly (Lair:4)
  A plant (Swamp:3)
650 creatures vanquished.

Vanquished Creatures (others)
  A boulder beetle (D:11)
  A two-headed ogre (D:12)
  A spectral green death (Depths:2)
  A goliath frog zombie (Swamp:1)
  2 ugly thing zombies
  A frost giant zombie (Depths:1)
  An eleionoma zombie (Swamp:1)
  4 stone giant zombies
  2 centaur zombies (D:14)
  An elephant (Lair:1)
  A shock serpent zombie (Snake:1)
  2 spectral rakshasas
  A swamp worm zombie (Swamp:4)
  3 mana viper zombies
  A troll (D:10)
  6 hydra zombies
  An ice dragon zombie (Depths:2)
  An alligator zombie (Swamp:4)
  A spectral floating eye (Depths:2)
  A human (Swamp:1)
  16 black mamba zombies
  4 slime creature zombies (D:13)
  2 tyrant leech zombies (Swamp:1)
  13 spriggan zombies
  A fire bat zombie (Lair:4)
  A two-headed ogre zombie (D:14)
  3 tengu zombies
  A cane toad zombie (Lair:5)
  5 deep troll zombies (Depths:1)
  A water moccasin (Lair:1)
  5 hornet zombies
  A swamp dragon zombie (Swamp:3)
  An elf zombie (D:14)
  3 blink frog zombies (Lair:1)
  2 manticore zombies
  A hog zombie (Swamp:1)
  5 elephant zombies
  A spectral chaos spawn (Depths:2)
  7 vampire mosquito zombies
  9 salamander zombies
  A komodo dragon zombie (Lair:1)
  36 naga zombies
  2 wyvern zombies
  2 cyclops zombies (D:13)
  3 water moccasin zombies
  A troll zombie (D:12)
  4 yak zombies
  6 wolf zombies
  2 bullfrog zombies (Lair:4)
  17 human zombies
  A black bear zombie (D:8)
  A killer bee zombie (D:9)
  3 howler monkey zombies (D:12)
  3 hell rat zombies (Lair:1)
  3 swamp drake zombies (Swamp:4)
  39 orc zombies
  2 gnoll zombies
  A kobold zombie (D:10)
  6 foxfires
  63 fungi
  115 plants
  27 withered plants (Lair:5)
453 creatures vanquished.

Grand Total: 1578 creatures vanquished

Notes
Turn   | Place    | Note
-------+----------+-------------------------------------------
     0 | D:1      | LnG the Kobold Summoner began the quest for the Orb.
     0 | D:1      | Reached XP level 1. HP: 10/10 MP: 3/3
   290 | D:1      | Reached XP level 2. HP: 15/15 MP: 5/5
   533 | D:1      | Learned a level 2 spell: Call Imp
   690 | D:1      | Reached XP level 3. HP: 19/19 MP: 6/6
   704 | D:1      | Learned a level 3 spell: Call Canine Familiar
  1486 | D:2      | Found Inniffol's Armour Shoppe.
  1565 | D:2      | Reached skill level 1 in Fighting
  1568 | D:2      | Reached XP level 4. HP: 14/25 MP: 3/7
  1813 | D:2      | Found Xuwaopn's Book Emporium.
  1851 | D:2      | Reached skill level 1 in Short Blades
  1974 | D:2      | Found Rophyxok's Weapon Emporium.
  1989 | D:2      | Found Jajiomax's Antique Armour Shop.
  2042 | D:2      | Found a faded altar of an unknown god.
  2315 | D:2      | Found Fesibbat's Armour Shoppe.
  2680 | D:3      | Found a runed translucent gate.
  2680 | D:3      | Found a runed translucent gate.
  2680 | D:3      | Found a runed translucent gate.
  2743 | D:3      | Noticed ReploidZero's ghost (novice HOWn)
  3155 | D:3      | Noticed Grinder
  3443 | D:3      | Paralysed by Grinder for 3 turns
  4049 | D:4      | Reached XP level 5. HP: 18/29 MP: 8/8
  4166 | D:4      | Learned a level 3 spell: Summon Guardian Golem
  4488 | D:4      | Reached skill level 5 in Summonings
  4488 | D:4      | Reached XP level 6. HP: 32/34 MP: 10/10
  4510 | D:4      | Found an ancient bone altar of Kikubaaqudgha.
  5194 | D:4      | Noticed a water moccasin
  5202 | D:4      | Killed a water moccasin
  5618 | D:5      | Entered Level 5 of the Dungeon
  5622 | D:5      | Reached skill level 5 in Stealth
  5622 | D:5      | Reached XP level 7. HP: 39/39 MP: 12/12
  5625 | D:5      | Noticed a water moccasin
  5643 | D:5      | Killed a water moccasin
  5809 | D:5      | Found a sacrificial altar of Ru.
  6153 | D:5      | Reached XP level 8. HP: 40/44 MP: 7/14
  6508 | D:5      | Found a staircase to the Ecumenical Temple.
  6516 | Temple   | Entered the Ecumenical Temple
  6601 | Temple   | Became a worshipper of Yredelemnul the Dark
  6976 | D:6      | Reached skill level 5 in Dodging
  7201 | D:6      | Reached * piety under Yredelemnul
  7212 | D:6      | Found an ornate altar of the Wu Jian Council.
  7445 | D:6      | Noticed Blork the orc
  7448 | D:6      | Killed Blork the orc
  7487 | D:6      | Reached ** piety under Yredelemnul
  7508 | D:6      | Reached skill level 5 in Spellcasting
  7510 | D:6      | Identified the +0 robe of Tenacity {Regen+}
  7680 | D:6      | Reached *** piety under Yredelemnul
  7937 | D:2      | Bought a +2 pair of boots of flying for 236 gold pieces
  8653 | D:7      | Reached XP level 9. HP: 49/50 MP: 7/16
  8952 | D:7      | Identified a scroll of acquirement
  8955 | D:7      | Acquired 594 gold pieces
  9404 | D:7      | Reached skill level 5 in Short Blades
  9589 | D:7      | Noticed Duvessa
  9592 | D:7      | Noticed Dowan
  9593 | D:7      | Killed Duvessa
  9604 | D:7      | Killed Dowan
  9838 | D:7      | Noticed Menkaure
  9843 | D:7      | Killed Menkaure
 10089 | D:7      | Found a runed translucent door.
 10092 | D:7      | Noticed Crazy Yiuf
 10098 | D:7      | Killed Crazy Yiuf
 10314 | D:8      | Reached skill level 1 in Hexes
 10525 | D:8      | Found Owo Zieg's Jewellery Emporium.
 10536 | D:8      | Learned a level 4 spell: Summon Lightning Spire
 10536 | D:8      | Bought the ring of Jeuj {rPois MP+9 Str-5 Int+6} for 778
                  | gold pieces
 10613 | D:8      | Reached XP level 10. HP: 56/56 MP: 19/19
 10621 | D:8      | Noticed Erica
 10650 | D:8      | Killed Erica
 10651 | D:8      | Reached skill level 10 in Stealth
 11364 | D:9      | Identified the +7 scale mail of Baldness {Regen+}
 11477 | D:9      | Noticed a two-headed ogre
 11481 | D:9      | Killed a two-headed ogre
 11598 | D:9      | Reached XP level 11. HP: 61/61 MP: 23/23
 11686 | D:9      | Reached **** piety under Yredelemnul
 12249 | D:10     | Entered Level 10 of the Dungeon
 12278 | D:10     | Found a staircase to the Lair.
 12278 | D:10     | Noticed an elephant
 12306 | D:10     | Killed an elephant
 12308 | D:10     | Noticed Fannar
 12347 | D:10     | Killed Fannar
 12424 | D:10     | Noticed a two-headed ogre
 12428 | D:10     | Killed a two-headed ogre
 12749 | D:10     | Identified the +7 great mace of Rubbish {flame, Int+5}
 12840 | D:10     | Reached ***** piety under Yredelemnul
 13060 | D:10     | Found a sparkling altar of Nemelex Xobeh.
 13567 | D:11     | Reached skill level 1 in Shields
 13617 | D:11     | Noticed a boulder beetle
 13637 | D:11     | Killed a boulder beetle
 13833 | D:11     | Found a viscous altar of Jiyva.
 13896 | D:11     | Identified the ring "Kawat" {rElec MP+9 Dex+4}
 13960 | D:11     | Noticed a harpy
 13964 | D:11     | Killed a harpy
 13965 | D:11     | Reached skill level 1 in Air Magic
 13965 | D:11     | Reached XP level 12. HP: 67/67 MP: 25/25
 14382 | D:12     | Noticed Erolcha
 14388 | D:12     | Killed Erolcha
 14518 | D:12     | Noticed Urug
 14522 | D:12     | Killed Urug
 14683 | D:12     | Found a staircase to the Orcish Mines.
 14742 | D:12     | Noticed a two-headed ogre
 14756 | D:12     | Killed a two-headed ogre
 14859 | D:12     | Reached skill level 10 in Spellcasting
 15074 | D:12     | Reached skill level 10 in Summonings
 15615 | D:13     | Reached XP level 13. HP: 56/72 MP: 27/27
 15719 | D:13     | Reached ****** piety under Yredelemnul
 15814 | D:13     | Noticed a six-headed hydra
 15818 | D:13     | Killed a six-headed hydra
 15844 | D:13     | Reached skill level 5 in Fighting
 15864 | D:13     | Reached skill level 15 in Stealth
 16518 | D:13     | Noticed a centaur warrior
 16524 | D:13     | Killed a centaur warrior
 16830 | D:14     | Noticed a centaur warrior
 16839 | D:14     | Killed a centaur warrior
 17084 | D:14     | Noticed a centaur warrior
 17634 | D:14     | Found a blossoming altar of Fedhas.
 17791 | D:14     | Noticed a vault guard
 17796 | D:14     | Noticed a centaur warrior
 17834 | D:13     | Killed a vault guard
 17978 | D:13     | Killed a centaur warrior
 18056 | D:14     | Noticed a vault guard
 18078 | D:13     | Killed a vault guard
 18144 | D:14     | Learned a level 4 spell: Summon Ice Beast
 18239 | D:14     | Killed a centaur warrior
 18240 | D:14     | Reached skill level 10 in Short Blades
 18240 | D:14     | Reached XP level 14. HP: 78/78 MP: 15/29
 18374 | D:14     | Reached skill level 1 in Ice Magic
 18540 | D:14     | Found a gate to the Vaults.
 19087 | D:15     | Entered Level 15 of the Dungeon
 19756 | D:15     | Found a staircase to the Depths.
 20325 | Lair:1   | Entered Level 1 of the Lair of Beasts
 20738 | Lair:1   | Reached XP level 15. HP: 64/84 MP: 18/32
 20862 | Lair:1   | Noticed Grum
 20867 | Lair:1   | Killed Grum
 21638 | Lair:2   | Reached skill level 1 in Invocations
 22040 | Lair:2   | Found a staircase to the Swamp.
 22144 | Lair:2   | Acquired a book of Blood
 22272 | Lair:2   | Noticed Nergalle
 22283 | Lair:2   | Killed Nergalle
 23284 | Lair:3   | Identified the +11 short sword of Ryvvom {protect, rPois
                  | rN+ Dex+3}
 23594 | Lair:3   | Found a staircase to the Snake Pit.
 24151 | Lair:4   | Found a burning altar of Makhleb.
 24937 | Lair:5   | Entered Level 5 of the Lair of Beasts
 24945 | Lair:5   | Found a staircase to the Slime Pits.
 24949 | Lair:5   | Reached skill level 5 in Invocations
 25304 | Lair:5   | Reached XP level 16. HP: 90/90 MP: 33/33
 25391 | Lair:5   | Found a transporter.
 25391 | Lair:5   | Found a transporter.
 25428 | Lair:5   | Noticed scionoferis's ghost (journeyman MeGl)
 25831 | Lair:5   | Learned a level 7 spell: Summon Hydra
 25831 | Lair:5   | Identified the +9 trident "Rommotay" {drain, rF+++ rC-
                  | Int+5}
 26519 | Orc:1    | Entered Level 1 of the Orcish Mines
 26778 | Orc:2    | Entered Level 2 of the Orcish Mines
 26937 | Orc:2    | Found a staircase to the Elven Halls.
 27981 | Orc:2    | Found Jauw's Antique Weapon Shop.
 27981 | Orc:2    | Found Tiahan's Antique Armour Shoppe.
 27983 | Orc:2    | Found Eczuarho's Weapon Shop.
 27983 | Orc:2    | Found Iphytt's General Store.
 28422 | Orc:1    | Found a large runed translucent door.
 28422 | Orc:1    | Noticed Splishie's ghost (novice GnWn)
 28423 | Orc:1    | Found a large runed translucent door.
 28577 | Orc:1    | Killed Splishie's ghost
 28582 | Orc:1    | Identified the +10 sling of the Sky {venom, rElec Dex+4}
 28824 | Snake:1  | Entered Level 1 of the Snake Pit
 28827 | Snake:1  | Noticed Josephine
 28853 | Snake:1  | Killed Josephine
 29111 | Snake:1  | Reached skill level 10 in Dodging
 29408 | Snake:1  | You are sucked into a shaft and drop 1 floor!
 29628 | Snake:1  | Noticed Aizul
 29632 | Snake:1  | Reached skill level 15 in Spellcasting
 29640 | Snake:1  | Killed Aizul
 29641 | Snake:1  | Reached XP level 17. HP: 18/96 MP: 10/36
 29845 | Snake:1  | Found Vuwuoj's Tremendous Tomes.
 29850 | Snake:1  | Bought Sif Muna's Encyclopedia of the Escort and Embers for
                  | 1573 gold pieces
 29857 | Snake:1  | Learned a level 6 spell: Summon Cactus Giant
 29866 | Snake:1  | Learned a level 7 spell: Monstrous Menagerie
 30637 | Snake:2  | Noticed Asterion
 30641 | Snake:2  | Killed Asterion
 31102 | Snake:2  | Found an iron altar of Okawaru.
 32766 | Snake:4  | Entered Level 4 of the Snake Pit
 33182 | Snake:4  | Reached skill level 5 in Air Magic
 33363 | Snake:4  | Reached skill level 15 in Summonings
 34101 | Snake:4  | Reached XP level 18. HP: 95/103 MP: 29/38
 35245 | Snake:4  | Got a serpentine rune of Zot
 35946 | Swamp:1  | Entered Level 1 of the Swamp
 36027 | Swamp:1  | Noticed Kirke
 36066 | Swamp:1  | Killed Kirke
 36961 | Swamp:1  | Noticed a tentacled monstrosity
 36972 | Swamp:1  | Killed a tentacled monstrosity
 37403 | Swamp:2  | Reached XP level 19. HP: 80/107 MP: 40/40
 37803 | Swamp:2  | You are sucked into a shaft and drop 1 floor!
 37971 | Swamp:3  | Noticed Louise
 37975 | Swamp:3  | Killed Louise
 38500 | Swamp:4  | Entered Level 4 of the Swamp
 39703 | Swamp:4  | Found a basalt altar of Yredelemnul.
 40384 | Swamp:4  | Found a blossoming altar of Fedhas.
 40605 | Swamp:4  | Got a decaying rune of Zot
 40606 | Swamp:4  | Upgraded the game from 0.30-a0-149-g7f746667c4 to
                  | 0.30-a0-159-g068b764562
 40865 | Depths:1 | Entered Level 1 of the Depths
 41988 | Depths:1 | Reached XP level 20. HP: 85/114 MP: 18/42
 42557 | Depths:1 | Found a runed translucent gate.
 42558 | Depths:1 | Found a runed translucent gate.
 42559 | Depths:1 | Found a runed translucent gate.
 42818 | Depths:1 | Found a runed translucent door.
 42821 | Depths:1 | Noticed an ancient lich
 42950 | Depths:1 | Found Cidiumut's Jewellery Boutique.
 43218 | Depths:1 | Found a gateway to Hell.
 43294 | Depths:1 | Found Etaucot's Distillery.
 43299 | Depths:1 | Bought a potion of heal wounds for 90 gold pieces
 43526 | Depths:1 | Noticed petzl's ghost (veteran FoHs)
 43553 | Depths:1 | Found a radiant altar of Vehumet.
 43662 | Depths:2 | Noticed the Enchantress
 44038 | Depths:2 | Found a one-way gate leading to the halls of Pandemonium.
 44440 | Depths:2 | Found a one-way gate to the infinite horrors of the Abyss.
 44923 | Depths:2 | Identified the +1 robe "Heevefau" {+Blink rF+}
 44925 | Depths:2 | Killed the Enchantress
 44940 | Depths:2 | Your ally Enchantress spriggan zombie died
 46389 | Depths:2 | HP: 6/171 [something (17)]
 46391 | Depths:2 | HP: 1/171 [something (6)]
 46393 | Depths:2 | Slain by a vampire knight

Illustrated notes

Levels and vault maps discovered:
D:1:      dpeg_arrival_houses_and_road, layout_loops_ring
D:2:      layout_basic, serial_shops, nicolae_diamond_shop, nicolae_shop_stone,
          nicolae_shop_hallway_plus, shop, shop_fountains,
          basic_ecumenical_altar, minmay_bisected
D:3:      layout_loops_ring, biasface_ghost_orc_armoury, uniq_grinder
D:4:      layout_cave_pods, nicolae_kikubaaqudgha_miasma_corner, serial_demonic,
          serial_demonic_c, serial_demonic_f, serial_demonic_a,
          serial_demonic_f, minivault_5, feat_on_display
D:5:      layout_basic, hangedman_ru_absence, minmay_temple_entry_hall
D:6:      layout_basic, mainiacjoe_overflow_tiny_flanked, uniq_blork_the_orc
D:7:      layout_layer_cave, uniq_duvessa, uniq_crazy_yiuf_cottage,
          uniq_menkaure
D:8:      layout_loops_ring, serial_shops, nicolae_shop_stone, uniq_erica
D:9:      layout_loops_ring, nicolae_benzene_ring
D:10:     layout_long_grid, nemelex_spade_bored_becter, david_lair_generic,
          uniq_fannar
D:11:     layout_roguey [special_room_orc], jiyva_altar_1
D:12:     layout_basic, zombieorc1_lemuel, portal_ice_cave_entry_imps, pond,
          uniq_urug, uniq_erolcha
D:13:     layout_stronghold, serial_glass, glass_columns_c, glass_columns_a
D:14:     layout_loops_ring, grunt_vaults_entry_tiered, grunt_decor_resistance,
          fedhas_altar_3
D:15:     hangedman_depths_entry_try_elsewhere_first, layout_basic, hex_tiny
Temple:   dpeg_three_leaves_temple
Lair:1:   layout_loops_ring, uniq_grum
Lair:2:   layout_roguey, minmay_swamp_entry_worms, grunt_megastairs_3,
          uniq_nergalle
Lair:3:   layout_chaotic_city, guppyfry_snake_entry_island, columned_hall_lemuel
Lair:4:   layout_hall_layers, basic_altar, nicolae_quartered_pool_impasse,
          amcnicky_mini_pool_medium, lemuel_fruit_fields, serial_bayou_shore_b,
          lemuel_fruit_fields, infiniplex_staircase_pool
Lair:5:   due_jungle_book, layout_loops_ring, slime_entry_1,
          gammafunk_ghost_hive, grunt_forest_stairs_basic
Swamp:1:  layout_basic_swamp, evilmike_swamp_ruin_house_5, swamp_pool4,
          nicolae_swamp_rocky_clearing, uniq_kirke
Swamp:2:  layout_basic_swamp, evilmike_swamp_ruin_house_1, swamp_pool2
Swamp:3:  layout_basic_swamp, nicolae_swamp_little_tower, uniq_louise
Swamp:4:  byrel_swamp_growth_death_and_undeath, layout_basic_swamp, swamp_pool1
Snake:1:  layout_gridlike, nicolae_shop_i_like_big_books, st_stairs_9,
          grunt_ministairs_12, uniq_aizul, uniq_josephine
Snake:2:  layout_basic, basic_altar, uniq_asterion
Snake:3:  layout_basic
Snake:4:  minmay_snake_end_coiled, layout_cave_pods,
          nicolae_snake_guarding_the_ruins
Orc:1:    layout_caves, ebering_ghost_disaster_area
Orc:2:    grunt_orc_tribal_feast, layout_caves, basic_altar
Depths:1: layout_gridville, gammafunk_ghost_tricky_traps,
          grunt_hell_entry_dis_mu, serial_sigils_hangedman_quiver,
          grunt_absolute_annihilation, minmay_shoptagon
Depths:2: nooodl_heptagram, layout_basic, rand_demon_pan_entry_5, hell_entry,
          nrook_campfire, abyss_entry_crystal, uniq_enchantress

Skill      XL: |  1  2  3  4  5  6  7  8  9 10 11 12 13 14 15 16 17 18 19 20 |
---------------+-------------------------------------------------------------+-----
Fighting       | 1 2 3 4 5 6 7 8 |  8.6
Stealth        | 3 4 5 6 7 9 11 13 14 15 16 17 18 19 20 | 20.7
Short Blades   | 1 2 3 4 5 7 8 9 10 11 | 11.5
Dodging        | 3 4 5 6 7 8 9 10 11 | 11.3
Spellcasting   | 3 4 5 6 8 9 10 11 13 15 16 17 18 20 | 20.0
Summonings     | 5 6 7 8 9 10 11 12 13 14 15 16 17 18 | 18.3
Hexes          | 1 2 3 4 |  4.7
Shields        | 1 2 3 4 |  4.0
Air Magic      | 1 2 3 4 5 6 |  6.3
Ice Magic      | 2 3 4 |  4.5
Invocations    | 5 7 |  7.2
Unarmed Combat | |  0.3

Action                   |  1- 3 |  4- 6 |  7- 9 | 10-12 | 13-15 | 16-18 | 19-21 || total
-------------------------+-------+-------+-------+-------+-------+-------+-------++-------
Melee: Unarmed           |     6 |       |       |       |       |       |       ||     6
       Dagger            |    78 |   180 |   182 |   367 |   185 |       |       ||   992
       Punch             |     1 |     1 |     3 |     7 |    16 |    11 |     8 ||    47
       Short sword       |       |       |       |       |   456 |   655 |   266 ||  1377
 Cast: Summon Small Mamm |     9 |       |     2 |       |     2 |       |       ||    13
       Call Imp          |     1 |     4 |    13 |    17 |    10 |     8 |       ||    53
       Call Canine Famil |     1 |    12 |    17 |    45 |    74 |    33 |     4 ||   186
       Summon Guardian G |       |       |     7 |    14 |    30 |     5 |       ||    56
       Summon Lightning  |       |       |       |     8 |    37 |    74 |    47 ||   166
       Summon Ice Beast  |       |       |       |       |    42 |    49 |     2 ||    93
       Summon Hydra      |       |       |       |       |       |    52 |    78 ||   130
       Monstrous Menager |       |       |       |       |       |    41 |    75 ||   116
       Summon Cactus Gia |       |       |       |       |       |     6 |     3 ||     9
Invok: Recall Undead Har |       |       |       |       |     5 |     5 |       ||    10
       Bind Soul         |       |       |       |       |     3 |     1 |       ||     4
Evoke: Wand              |       |       |       |       |       |     1 |       ||     1
  Use: Scroll            |     2 |     1 |    17 |     4 |    10 |    10 |    13 ||    57
       Potion            |       |     1 |       |     6 |     3 |     5 |    15 ||    30
 Stab: Sleeping          |    10 |    28 |    23 |    30 |    43 |    57 |    28 ||   219
       Distracted        |       |     1 |     2 |     9 |    20 |    30 |    11 ||    73
       Petrifying        |       |       |       |       |     3 |       |       ||     3
       Betrayed ally     |       |       |       |       |       |     1 |       ||     1
Armor: Robe              |    15 |    47 |    36 |    57 |   114 |   114 |    58 ||   441
       Skin              |       |       |       |       |       |       |    25 ||    25
Dodge: Dodged            |    72 |   182 |   113 |   170 |   370 |   434 |   247 ||  1588
Block: Other             |       |       |       |    34 |   103 |    99 |    39 ||   275
       Reflection        |       |       |       |     3 |     6 |     6 |     1 ||    16

Table legend: (Time is in decaauts)
 A = Elapsed time spent in this place.
 B = Non-inter-level travel time spent in this place.
 C = Inter-level travel time spent in this place.
 D = Time resting spent in this place.
 E = Time spent auto-exploring this place.
 F = Levels seen in this place.
 G = Mean time per level.
                   A        B        C        D        E       F      G
               +--------+--------+--------+--------+--------+-----+--------+
         Total |  45432 |  42390 |   3042 |  11207 |  18517 |  33 | 1376.7 |
       Dungeon |  20459 |  19000 |   1459 |   3902 |  11407 |  15 | 1363.9 |
        Temple |     92 |     70 |     22 |      0 |     55 |   1 |   92.0 |
          Lair |   6072 |   5582 |    490 |    787 |   3755 |   5 | 1214.4 |
         Swamp |   4674 |   4451 |    223 |   1660 |   1050 |   4 | 1168.5 |
     Snake Pit |   6878 |   6418 |    460 |   1797 |   1262 |   4 | 1719.5 |
  Orcish Mines |   2127 |   1940 |    187 |    574 |    691 |   2 | 1063.5 |
        Depths |   5127 |   4928 |    199 |   2487 |    297 |   2 | 2563.5 |
               +--------+--------+--------+--------+--------+-----+--------+

Top non-repeatable levels by time:
Depths:1: 3254 daAuts
 Snake:4: 2989 daAuts
 Swamp:4: 2117 daAuts
    D:14: 1909 daAuts
Depths:2: 1873 daAuts
     D:2: 1763 daAuts
    D:13: 1684 daAuts
     D:3: 1671 daAuts
     D:7: 1632 daAuts
     D:4: 1602 daAuts
    D:15: 1518 daAuts
  Lair:5: 1377 daAuts
 Snake:3: 1341 daAuts
 Snake:1: 1339 daAuts
  Lair:3: 1272 daAuts
